 Dungeon Crawl Stone Soup version 0.31.0-11-ge490571c62 (webtiles) character file.

Game seed: 14190167133040746150

1 qw the Shooter (level 1, 0/12 HPs)
             Began as a Deep Elf Hunter on Feb 4, 2024.
             Frozen to death by an endoplasm (2 damage)
             ... on level 1 of the Dungeon.
             The game lasted 00:00:00 (50 turns).

qw the Shooter (Deep Elf Hunter)                      Turns: 50, Time: 00:00:00

Health: 0/12       AC:  3    Str:  8    XL:     1   Next: 16%
Magic:  3/3        EV: 12    Int: 13    God:
Gold:   3          SH:  0    Dex: 18    Spells: 0/0 levels left

rFire   . . .        a - +0 shortbow
rCold   . . .        (shield currently unavailable)
rNeg    . . .        c - +0 leather armour
rPois   .            (no helmet)
rElec   .            (no cloak)
rCorr   .            (no gloves)
SInv    .            (no boots)
Will    .....        (no amulet)
Stlth   ++           (no ring)
HPRegen 0.22/turn    (no ring)
MPRegen 0.08/turn

%: no passive effects
@: no status effects
A: no striking features
a: no special abilities


You were on level 1 of the Dungeon.
You visited 1 branch of the dungeon, and saw 1 of its levels.

You collected 3 gold pieces.


   Skills:
 - Level 1.5 Fighting
 + Level 5.4 Ranged Weapons
 - Level 2.4 Dodging
 - Level 1.2 Stealth


You couldn't memorise any spells.
You didn't know any spells.
Your spell library was empty.

Inventory:

Hand Weapons
 a - a +0 shortbow (weapon)
Armour
 c - a +0 leather armour (worn)
Scrolls
 b - a scroll of butterflies
Potions
 d - a potion of cancellation {unknown}
 e - a potion of ambrosia {unknown}

Dungeon Overview and Level Annotations

Branches:
Dungeon (1/15)

Altars:


Message History

Found a stone staircase leading down.
The endoplasm moves out of view.
The ball python moves out of view.
You shoot an arrow.
The arrow completely misses the endoplasm.
The endoplasm quivers.
The endoplasm barely misses you.
You shoot an arrow. The arrow barely misses the endoplasm.
The endoplasm freezes you.
You are frozen.
You shoot an arrow.
The arrow hits the endoplasm but does no damage.
The bat barely misses you.
The endoplasm hits you but does no damage.
A goblin comes into view. It is wielding a +0 club.
The endoplasm closely misses you.
Enter note: You shoot an arrow.
The arrow closely misses the goblin.
The goblin shouts!
A bat comes into view.
The goblin closely misses you. The endoplasm freezes you.
You are frozen.
You shoot an arrow. The arrow misses the goblin.
A bat comes into view.
The goblin misses you. The endoplasm freezes you.
You are frozen.
Enter note:
49 ||| RETREEEEATING.
The bat attacks as it pursues you! The bat hits you but does no damage.
The bat misses you. The bat closely misses you. x2
The endoplasm freezes you.
You are frozen.
You shoot an arrow. The arrow barely misses the bat.
The arrow barely misses the goblin.
The bat closely misses you. The bat hits you but does no damage.
The bat closely misses you. x2
The endoplasm freezes you.
You are frozen.
You die...

....... .#
...!... .#
....... .#
....... .
#?.....#.
#.....b.# #
#....l.J##.##
###### #@bg..#
...... ###...#
. #####.
.........#.....
...............
....>.#S.......
...##.#........
##.. #........
##. ........
J.......


You could see an endoplasm, a goblin, 2 bats and a frilled lizard.

Vanquished Creatures
  A giant cockroach (D:1)
1 creature vanquished.

Notes
Turn   | Place    | Note
-------+----------+-------------------------------------------
     0 | D:1      | qw the Deep Elf Hunter began the quest for the Orb.
     0 | D:1      | Reached XP level 1. HP: 12/12 MP: 3/3
     0 | D:1      | 0 ||| qw: Version: 0.3-a-160-g6735b56
     0 | D:1      | 0 ||| qw: Game counter: 5097
     0 | D:1      | 0 ||| qw: Melee chars always use a shield: true
     0 | D:1      | 0 ||| qw: God list: Okawaru
     0 | D:1      | 0 ||| qw: Allow faded altars: false
     0 | D:1      | 0 ||| qw: Do Orc after clearing Dungeon:15 true
     0 | D:1      | 0 ||| qw: Do second Lair branch before Depths: true
     0 | D:1      | 0 ||| qw: Lair rune preference: random
     0 | D:1      | 0 ||| qw: Goals: Normal
     0 | D:1      | 0 ||| PLANNING D:1-11
    49 | D:1      | 49 ||| RETREEEEATING.
    49 | D:1      | HP: 2/12 [frozen (3)]
    50 | D:1      | Frozen to death by an endoplasm

Levels and vault maps discovered:
D:1:      saegor_arrival_simple_a, layout_rooms, minivault_25

Action                     || total
---------------------------++-------
   Fire: Shortbow          ||    10
 Armour: Leather armour    ||     3
  Dodge: Dodged            ||    11

Table legend:
 A = Non-vault XP
 B = Vault XP
 C = Vault XP percentage of total XP
 D = Non-vault monster count
 E = Vault monster count
 F = Vault count percentage of total count
                 A         B        C        D         E       F
            +---------+---------+-------+---------+---------+-------
      Total |       2 |       0 |   0.0 |       1 |       0 |   0.0
            +---------+---------+-------+---------+---------+-------
        D:1 |       2 |       0 |   0.0 |       1 |       0 |   0.0
            +---------+---------+-------+---------+---------+-------
